 Dungeon Crawl Stone Soup version 0.32-a0-391-gce5c0aab1b (webtiles) character file.

Game seed: 7082783451124099342

23 shadowstone the Changeling (level 2, -1/11 HPs)
             Began as an Octopode Shapeshifter on Feb 20, 2024.
             Slain by a goblin
             ... wielding a +0 dagger
             ... led by Robin
              (3 damage)
             ... on level 2 of the Dungeon.
             The game lasted 00:01:26 (562 turns).

shadowstone the Changeling (Octopode Shapeshifter)   Turns: 562, Time: 00:01:27

Health: -1/11      AC:  1    Str: 13    XL:     2   Next: 95%
Magic:  2/2        EV: 17    Int: 12    God:
Gold:   20         SH:  0    Dex: 11    Spells: 1/1 levels left

rFire   . .          .
                       - Unarmed
rCold   . . .        (shield currently unavailable)
rNeg    . . .        (helmet restricted)
rPois   .            (no amulet)
rElec   .            (no ring)
rCorr   .            (no ring)
SInv    .            (no ring)
Will    .....        (no ring)
Stlth   +            (no ring)
HPRegen 0.21/turn    (no ring)
MPRegen 0.08/turn    (no ring)
                     (no ring)

%: no passive effects
@: flux-form, glowing
A: glow, contaminating, reduced hp, almost no armour, amphibious, 8 rings,
camouflage 1, gelatinous body 1, (nimble swimmer 1), tentacles
a: Begin Untransformation


You were on level 2 of the Dungeon.
You were something dangerously unstable.
You visited 1 branch of the dungeon, and saw 2 of its levels.

You collected 20 gold pieces.

Inventory:

Talismans
 b - a beast talisman
 c - a flux talisman (active)
Scrolls
 e - a scroll of immolation {unknown}
Potions
 a - a potion of lignification
 d - a potion of might {unknown}
 f - a potion of invisibility {unknown}


   Skills:
 + Level 1.2 Fighting
 + Level 2.3 Dodging
 + Level 3.3 Unarmed Combat
 + Level 3.3 Shapeshifting


You had one spell level left.
You didn't know any spells.
Your spell library was empty.

Dungeon Overview and Level Annotations

Branches:
Dungeon (2/15)

Altars:

Annotations:
D:2 Robin


Innate Abilities, Weirdness & Mutations

You are something dangerously unstable.
You glow with magical radiation, making you easy to see and hit.
Foes you strike become dangerously contaminated with magical radiation.
Your maximum health is decreased, since you lack skill for your form.
You are incapable of wielding weapons or throwing items.
You cannot wear most types of armour.
You are amphibious.
You can wear up to eight rings at the same time.
Your skin changes colour to match your surroundings (Stealth+).
Your rubbery body absorbs attacks. (AC +1, EV +1)
((You are camouflaged when in or above water. (Stealth+)))
You have tentacles for arms and can constrict up to eight enemies at once.


Message History

You kill the jackal!
You tentacle-slap the jackal.
The jackal begins to glow.
You grab the jackal.
The jackal is moderately wounded.
You constrict the jackal. The jackal closely misses you.
You tentacle-slap the jackal.
The jackal glows dangerously bright.
The jackal is almost dead.
You constrict the jackal.
You kill the jackal!
The jackal bites you. The jackal completely misses you.
A bat comes into view.
The jackal attacks as it pursues you! The jackal closely misses you.
The bat hits you but does no damage.
You miss the bat. Your grab misses the bat. The bat hits you.
The jackal bites you.
A hobgoblin and 2 goblins come into view.
The goblin shouts!
You hear a shout!
The bat hits you.
A goblin comes into view. It is wielding a +0 club.
A goblin comes into view. It is wielding a +0 dagger.
Robin of the Strong Arm comes into view.
They are wielding a +0 short sword.
The jackal barely misses you.
You hear a shout!
The goblin shouts!
You hear a shout! x2
A goblin and a hobgoblin come into view.
The hobgoblin shouts!
The bat misses you.
Robin roars a battlecry!
The goblins go into a battle-frenzy!
The jackal attacks as it pursues you! The jackal closely misses you.
You completely miss the bat. You grab the bat. You squeeze the bat.
You kill the bat!
The jackal misses you.
A goblin comes into view. It is wielding a +0 club.
A hobgoblin and a goblin come into view.
The hobgoblin shouts!
The goblin shouts!
The jackal bites you. Robin throws the goblin at you! The jackal bites you.
* * * LOW HITPOINT WARNING * * *
You see here a bat corpse.
Found a book of the Hunter.
The goblin hits you with a +0 dagger.
You die... #.:. #..# #. .... ... #..###.#. #........ #......## .#+####........ g.gggg.p.#

..g..gg†g#
....g.g#h#
########h# #.#
##### #.#
#...###.#####.#
#.............#
#...#########.#


You could see Robin, 2 jackals, 3 hobgoblins and 7 goblins.

Vanquished Creatures
  2 bats
  An endoplasm (D:1)
  A hobgoblin (D:1)
  2 jackals (D:2)
  2 quokkas (D:1)
  3 frilled lizards (D:1)
  2 rats (D:1)
13 creatures vanquished.

Notes
Turn   | Place    | Note
-------+----------+-------------------------------------------
     0 | D:1      | shadowstone the Octopode Shapeshifter began the quest for
                  | the Orb.
     0 | D:1      | Reached XP level 1. HP: 13/13 MP: 1/1
   115 | D:1      | Reached XP level 2. HP: 6/18 MP: 2/2
   558 | D:2      | Noticed Robin
   562 | D:2      | Slain by a goblin

Illustrated notes

Levels and vault maps discovered:
D:1:      minmay_arrival_wavy_path, layout_basic
D:2:      layout_basic, hellmonk_ecumenical_altar_watching_god, uniq_robin

Action                     || total
---------------------------++-------
  Melee: Unarmed           ||    36
         Tentacles         ||     9
         Constrict         ||    10
 Armour: Skin              ||    28
  Dodge: Dodged            ||    55
   Form: Flux              ||     1

Table legend: (Time is in decaauts)
 A = Elapsed time spent in this place.
 B = Non-inter-level travel time spent in this place.
 C = Inter-level travel time spent in this place.
 D = Time resting spent in this place.
 E = Time spent auto-exploring this place.
 F = Levels seen in this place.
 G = Mean time per level.
                   A        B        C        D        E       F      G
               +--------+--------+--------+--------+--------+-----+--------+
         Total |    559 |    559 |      0 |     21 |    268 |   2 |  279.5 |
       Dungeon |    559 |    559 |      0 |     21 |    268 |   2 |  279.5 |
               +--------+--------+--------+--------+--------+-----+--------+

Top non-repeatable levels by time:
     D:1: 539 daAuts
     D:2: 20 daAuts
